Flames vs Avalanche (R1)

Created - 10 septembre 2014 at 19:29

Simulating a Pre-Season

Goals
1 2 3 T
Flames 0 2 4 6
Avalanche 1 3 1 5
Shots
1 2 3 T
Flames 12 10 13 35
Avalanche 9 13 15 37

1st period

1. Avalanche , Corey Perry 1 (Marc Staal) at 7:01

Penalties :
Jason Pominville (Col) for High sticking (Minor) at 19:32

2nd period

2. Avalanche , Corey Perry 2 (Drew Doughty, Jason Allison) at 8:00 (PP)
3. Flames , Mikhail Grabovski 1 (Steve Regier, Mike Leclerc) at 9:57
4. Avalanche , Corey Perry 3 (Dustin Byfuglien) at 12:57
5. Flames , Alexander Semin 3 (Steve Eminger, Eric Staal) at 13:05
6. Avalanche , Marc Staal 1 (Andrew Ladd) at 14:36 (PP)

Penalties :
Bryan Little (Col) for Diving (Minor) at 3:06, Eric Staal (Cal) for Hooking (Minor) at 7:45, Jason Pominville (Col) for Roughing (Minor) at 12:25, Filip Kuba (Cal) for Tripping (Minor) at 12:53, Andrew Ladd (Col) for Interference (Minor) at 18:20

3rd period

7. Flames , Eric Staal 2 (Alexander Semin) at 5:47
8. Flames , Jordin Tootoo 2 (Mike Leclerc, Filip Kuba) at 7:57 (SH)
9. Avalanche , Rostislav Olesz 2 (Bryan Little, Drew Doughty) at 9:03 (PP)
10. Flames , Eric Staal 3 (Alexander Semin) at 12:20
11. Flames , Eric Staal 4 (Jordin Tootoo, Filip Kuba) at 12:37

Penalties :
Alexander Semin (Cal) for Tripping (Minor) at 1:57, Michal Handzus (Cal) for Roughing (Minor) at 7:40, Alexander Semin (Cal) for Slashing (Minor) at 13:00, Corey Perry (Col) for Hooking (Minor) at 14:44, Jason Allison (Col) for High sticking (Minor) at 18:48

Goalie Stats

Craig Anderson (Cal), 32 saves from 37 shots - (0,865), W, 1-0-0, 60:00 minutes
Jimmy Howard (Col), 29 saves from 35 shots - (0,829), L, 0-2-0, 60:00 minutes

Players Stats for Flames

Player Name              G  A  P  +/- PIM S  H  SB GA TA FO     MP     PP MP  PK MP  
------------------------------------------------------------------------------------
Alexander Semin          1  2  3   3  4   6  4  3  2  1  3/5    22:42   5:39   0:00 
Branko Radivojevic       0  0  0   0  0   0  1  0  2  0  0/0     9:26   1:15   0:00 
Craig Adams              0  0  0   1  0   2  0  0  0  0  0/0     8:25   0:00   0:58 
Eric Staal               3  1  4   3  2   6  1  1  0  0  22/39  24:20   5:39   1:22 
Erik Johnson             0  0  0  -1  0   0  0  0  0  1  0/0    21:57   3:57   2:00 
Filip Kuba               0  2  2   3  2   4  3  2  0  2  0/0    26:42   5:40   3:21 
Jordin Tootoo            1  1  2   4  0   2  1  1  1  1  1/6    22:58   4:10   2:07 
Mark Bell                0  0  0  -1  0   1  2  0  0  0  0/1    14:47   2:40   0:25 
Michal Handzus           0  0  0  -1  2   1  2  2  1  0  4/13   14:23   0:00   2:26 
Mike Leclerc             0  2  2   1  0   5  0  0  0  1  0/0    13:00   1:01   3:48 
Mikhail Grabovski        1  0  1   1  0   2  1  0  0  0  0/1     7:27   0:00   0:00 
Milan Hejduk             0  0  0  -1  0   3  0  0  0  0  1/3    15:45   3:55   0:00 
Niklas Kronwall          0  0  0   2  0   0  2  0  0  0  0/0    13:48   3:39   0:12 
Patrik Berglund          0  0  0   0  0   0  2  0  0  0  3/5    11:57   3:41   0:00 
Ron Hainsey              0  0  0   2  0   0  0  0  0  0  0/0    11:57   0:00   2:00 
Steve Eminger            0  1  1   3  0   1  0  3  0  2  0/0    25:31   1:44   3:21 
Steve Regier             0  1  1   1  0   1  0  1  0  0  0/0     7:27   0:00   0:00 
Tomas Kaberle            0  0  0  -1  0   1  0  1  1  0  0/0    20:04   3:39   0:12 

Players Stats for Avalanche

Player Name              G  A  P  +/- PIM S  H  SB GA TA FO     MP     PP MP  PK MP  
------------------------------------------------------------------------------------
Andrew Ladd              0  1  1  -1  2   1  0  1  1  0  1/1    10:39   0:12   2:07 
Brian Campbell           0  0  0  -1  0   0  1  2  0  0  0/0    16:50   3:15   0:00 
Bryan Little             0  1  1  -2  2   5  1  1  0  0  10/16  16:27   2:06   0:42 
Chuck Kobasew            0  0  0   0  0   1  0  0  0  0  0/0     7:56   0:00   0:00 
Corey Perry              3  0  3  -1  2   8  0  0  1  0  1/4    19:49   3:14   0:00 
Dave Tanabe              0  0  0  -1  0   3  3  1  1  1  0/0    19:55   2:06   3:45 
Drew Doughty             0  2  2  -3  0   0  1  2  1  1  0/0    17:48   3:15   0:00 
Dustin Byfuglien         0  1  1  -1  0   0  2  0  0  0  2/3     9:34   0:00   2:30 
Erik Cole                0  0  0   0  0   3  2  0  0  0  0/0    15:18   0:00   5:38 
Jack Johnson             0  0  0  -2  0   2  0  8  0  3  0/0    21:59   2:18   4:03 
Jason Allison            0  1  1  -1  2   3  0  0  0  0  15/30  18:34   3:27   0:13 
Jason Pominville         0  0  0  -2  4   1  2  0  0  0  0/1    14:37   2:18   0:18 
Marc Staal               1  1  2   0  0   2  1  2  2  1  0/0    22:12   0:12   5:35 
Maxim Talbot             0  0  0  -1  0   0  0  0  1  0  2/4     5:34   0:00   0:00 
Mike Comrie              0  0  0   0  0   3  1  1  1  0  8/14   16:55   0:00   5:44 
Rostislav Olesz          1  0  1  -2  0   2  2  0  0  0  0/0    15:15   2:06   1:21 
Ryan Smyth               0  0  0  -1  0   1  1  0  0  0  0/0    18:10   3:15   0:07 
Shane O'Brien            0  0  0  -1  0   2  2  2  0  1  0/0    21:16   0:00   5:17 

3 Stars

1 - Eric Staal (Cal)
2 - Jordin Tootoo (Cal)
3 - Alexander Semin (Cal)

Power Play

Flames - 0 on 6 Attempt(s) - 0,00%
Avalanche - 3 on 5 Attempt(s) - 60,00%

Penalty Kill

Flames - 2 on 5 Attempt(s) - 40,00% - Score 1 goal in Penalty Kill
Avalanche - 6 on 6 Attempt(s) - 100,00% - Score 0 goal in Penalty Kill

Official

Referees : Kimmerly Greg and McCreary Bill
Linesman : Derek Nansen and Vaughan Rody

Game Notes

Corey Perry has scored a Hat Trick!
Eric Staal has scored a Hat Trick!

Flames

5 vs 5 Forward 
   Center                   Left Wing                Right Wing               Time % Phy DF OF 
 1 Eric Staal               Alexander Semin          Jordin Tootoo            40     1   2  2  
 2 Michal Handzus           Mark Bell                Milan Hejduk             30     1   2  2  
 3 Patrik Berglund          Mike Leclerc             Branko Radivojevic       20     1   2  2  
 4 Mikhail Grabovski        Steve Regier             Craig Adams              10     1   2  2  

5 vs 5 Defense 
   Defense                  Defense                                           Time % Phy DF OF 
 1 Filip Kuba               Steve Eminger                                     40     1   2  2  
 2 Tomas Kaberle            Erik Johnson                                      30     1   2  2  
 3 Niklas Kronwall          Ron Hainsey                                       20     1   2  2  
 4 Tomas Kaberle            Steve Eminger                                     10     1   2  2  

PowerPlay Forward 
   Center                   Left Wing                Right Wing               Time % Phy DF OF 
 1 Eric Staal               Alexander Semin          Milan Hejduk             60     1   1  3  
 2 Patrik Berglund          Mark Bell                Jordin Tootoo            40     1   1  3  

PowerPlay Defense
   Defense                  Defense                                           Time % Phy DF OF 
 1 Filip Kuba               Erik Johnson                                      60     1   2  2  
 2 Tomas Kaberle            Niklas Kronwall                                   40     1   2  2  

Penalty Kill 4 Players Forward 
   Center                   Wing                     Time % Phy DF OF 
 1 Michal Handzus           Mike Leclerc             60     1   3  1  
 2 Eric Staal               Craig Adams              40     1   3  1  

Penalty Kill 4 Players Defense
   Defense                  Defense                  Time % Phy DF OF 
 1 Filip Kuba               Steve Eminger            60     1   4  0  
 2 Erik Johnson             Ron Hainsey              40     1   4  0  

Penalty Kill - 3 Players Forward 
   Forward                                           Time % Phy DF OF 
 1 Eric Staal                                        60     1   4  0  
 2 Mike Leclerc                                      40     1   4  0  

Penalty Kill - 3 Players Defense
   Defense                  Defense                  Time % Phy DF OF 
 1 Filip Kuba               Steve Eminger            60     1   4  0  
 2 Erik Johnson             Ron Hainsey              40     1   4  0  

4 vs 4 Forward 
   Center                   Wing                     Time % Phy DF OF 
 1 Eric Staal               Alexander Semin          60     1   2  2  
 2 Michal Handzus           Milan Hejduk             40     1   2  2  

4 vs 4 Defense
   Defense                  Defense                  Time % Phy DF OF 
 1 Filip Kuba               Steve Eminger            60     1   2  2  
 2 Tomas Kaberle            Erik Johnson             40     1   2  2  

Last Minutes Offensive
   Center                   Left Wing                Right Wing               Defense                  Defense                  
   Eric Staal               Alexander Semin          Milan Hejduk             Filip Kuba               Steve Eminger            

Last Minutes Defensive
   Center                   Left Wing                Right Wing               Defense                  Defense                  
   Eric Staal               Alexander Semin          Milan Hejduk             Filip Kuba               Steve Eminger            

Goaltenders
Starting : Craig Anderson           
Backup : Pekka Rinne              

Extra Forwards
Normal : Alexander Semin, Jordin Tootoo, Michal Handzus - PP : Mark Bell, Milan Hejduk - PK : Jordin Tootoo
Extra Defensemen
Normal : Erik Johnson, Tomas Kaberle, Niklas Kronwall - PP : Tomas Kaberle - PK : Erik Johnson, Ron Hainsey
Penalty Shots
Alexander Semin, Eric Staal, Patrik Berglund, Mark Bell, Milan Hejduk

Avalanche

5 vs 5 Forward 
   Center                   Left Wing                Right Wing               Time % Phy DF OF 
 1 Jason Allison            Ryan Smyth               Corey Perry              40     1   2  2  
 2 Bryan Little             Rostislav Olesz          Jason Pominville         30     1   2  2  
 3 Mike Comrie              Erik Cole                Chuck Kobasew            20     1   2  2  
 4 Maxim Talbot             Andrew Ladd              Dustin Byfuglien         10     5   0  0  

5 vs 5 Defense 
   Defense                  Defense                                           Time % Phy DF OF 
 1 Jack Johnson             Drew Doughty                                      40     1   2  2  
 2 Brian Campbell           Marc Staal                                        30     1   2  2  
 3 Dave Tanabe              Shane O'Brien                                     30     1   2  2  
 4 Jack Johnson             Marc Staal                                        0      1   2  2  

PowerPlay Forward 
   Center                   Left Wing                Right Wing               Time % Phy DF OF 
 1 Jason Allison            Ryan Smyth               Corey Perry              60     1   2  2  
 2 Bryan Little             Rostislav Olesz          Jason Pominville         40     1   2  2  

PowerPlay Defense
   Defense                  Defense                                           Time % Phy DF OF 
 1 Brian Campbell           Drew Doughty                                      60     1   2  2  
 2 Dave Tanabe              Jack Johnson                                      40     1   2  2  

Penalty Kill 4 Players Forward 
   Center                   Wing                     Time % Phy DF OF 
 1 Mike Comrie              Erik Cole                60     1   2  2  
 2 Dustin Byfuglien         Andrew Ladd              40     1   2  2  

Penalty Kill 4 Players Defense
   Defense                  Defense                  Time % Phy DF OF 
 1 Shane O'Brien            Marc Staal               60     1   2  2  
 2 Dave Tanabe              Jack Johnson             40     1   2  2  

Penalty Kill - 3 Players Forward 
   Forward                                           Time % Phy DF OF 
 1 Mike Comrie                                       60     1   2  2  
 2 Jason Pominville                                  40     1   2  2  

Penalty Kill - 3 Players Defense
   Defense                  Defense                  Time % Phy DF OF 
 1 Jack Johnson             Marc Staal               60     1   2  2  
 2 Dave Tanabe              Drew Doughty             40     1   2  2  

4 vs 4 Forward 
   Center                   Wing                     Time % Phy DF OF 
 1 Corey Perry              Jason Pominville         60     1   2  2  
 2 Jason Allison            Ryan Smyth               40     1   2  2  

4 vs 4 Defense
   Defense                  Defense                  Time % Phy DF OF 
 1 Jack Johnson             Marc Staal               60     1   2  2  
 2 Dave Tanabe              Drew Doughty             40     1   2  2  

Last Minutes Offensive
   Center                   Left Wing                Right Wing               Defense                  Defense                  
   Jason Allison            Ryan Smyth               Corey Perry              Brian Campbell           Drew Doughty             

Last Minutes Defensive
   Center                   Left Wing                Right Wing               Defense                  Defense                  
   Mike Comrie              Erik Cole                Jason Pominville         Jack Johnson             Marc Staal               

Goaltenders
Starting : Jimmy Howard             
Backup : Marty Turco              

Extra Forwards
Normal : Dustin Byfuglien, Erik Cole, Andrew Ladd - PP : Dustin Byfuglien, Erik Cole - PK : Andrew Ladd
Extra Defensemen
Normal : Brian Campbell, Shane O'Brien, Dave Tanabe - PP : Brian Campbell - PK : Shane O'Brien, Dave Tanabe
Penalty Shots
Corey Perry, Jason Pominville, Jason Allison, Ryan Smyth, Mike Comrie

% Time on Ice - Flames

Lines # - Real PCT - Wanted PCT - Time Play
Normal Forward
1 - 37% - 40% - 16:07
2 - 27% - 30% - 11:36
3 - 19% - 20% - 8:11
4 - 17% - 10% - 7:27
Normal Defense
1 - 40% - 40% - 17:26
2 - 30% - 30% - 13:02
3 - 22% - 20% - 9:42
4 - 7% - 10% - 3:11
PP Forward
1 - 61% - 60% - 5:39
2 - 39% - 40% - 3:41
PP Defense
1 - 61% - 60% - 5:41
2 - 39% - 40% - 3:39
PK Forward
1 - 83% - 60% - 4:35
2 - 17% - 40% - 0:58
PK Defense
1 - 64% - 60% - 3:33
2 - 36% - 40% - 2:00
PK3 Forward
1 - 0% - 60%
2 - 0% - 40%
PK3 Defense
1 - 0% - 60%
2 - 0% - 40%
44 Forward
1 - 83% - 60% - 1:28
2 - 17% - 40% - 0:18
44 Defense
1 - 100% - 60% - 1:46
2 - 0% - 40% - 0:00
Last Minute Offensive  - 0:00
Last Minute Defensive  - 0:00
Total
Forward - 60:00
Defense - 60:00

% Time on Ice - Avalanche

Lines # - Real PCT - Wanted PCT - Time Play
Normal Forward
1 - 42% - 40% - 18:03
2 - 27% - 30% - 11:48
3 - 18% - 20% - 7:56
4 - 13% - 10% - 5:34
Normal Defense
1 - 40% - 40% - 17:23
2 - 31% - 30% - 13:20
3 - 29% - 30% - 12:38
4 - 0% - 0% - 0:00
PP Forward
1 - 62% - 60% - 3:27
2 - 38% - 40% - 2:06
PP Defense
1 - 62% - 60% - 3:27
2 - 38% - 40% - 2:06
PK Forward
1 - 76% - 60% - 7:08
2 - 24% - 40% - 2:12
PK Defense
1 - 60% - 60% - 5:35
2 - 40% - 40% - 3:45
PK3 Forward
1 - 0% - 60%
2 - 0% - 40%
PK3 Defense
1 - 0% - 60%
2 - 0% - 40%
44 Forward
1 - 100% - 60% - 1:46
2 - 0% - 40% - 0:00
44 Defense
1 - 71% - 60% - 1:15
2 - 29% - 40% - 0:31
Last Minute Offensive  - 0:00
Last Minute Defensive  - 0:00
Total
Forward - 60:00
Defense - 60:00

Play by Play

1st period


0:01 of 1st period - Eric Staal wins face-off versus Jason Allison in neutral zone.
0:25 of 1st period - Eric Staal is hit by Drew Doughty and loses puck.
0:34 of 1st period - Chuck Kobasew is hit by Filip Kuba and loses puck.
0:51 of 1st period - Alexander Semin is hit by Jason Pominville and loses puck.
3:09 of 1st period - Slapshot by Bryan Little.
3:09 of 1st period - Stopped by Craig Anderson without a rebound.
3:10 of 1st period - Bryan Little wins face-off versus Michal Handzus in Flames zone.
3:13 of 1st period - Wrist shot by Jason Pominville.
3:13 of 1st period - Stopped by Craig Anderson without a rebound.
3:14 of 1st period - Jason Allison wins face-off versus Michal Handzus in Flames zone.
3:43 of 1st period - Slapshot by Branko Radivojevic.
3:43 of 1st period - Shot Misses the Net.
3:47 of 1st period - Slapshot by Patrik Berglund.
3:47 of 1st period - Shot Blocked by Jack Johnson.
3:49 of 1st period - Wrist shot by Mike Leclerc.
3:49 of 1st period - Shot Blocked by Jack Johnson.
3:51 of 1st period - Snap shot by Mike Leclerc.
3:51 of 1st period - Stopped by Jimmy Howard without a rebound.
3:52 of 1st period - Bryan Little wins face-off versus Eric Staal in Avalanche zone.
4:05 of 1st period - Wrist shot by Eric Staal.
4:05 of 1st period - Stopped by Jimmy Howard with a rebound.
4:17 of 1st period - Shane O'Brien is hit by Mark Bell and loses puck.
5:05 of 1st period - Ryan Smyth is hit by Niklas Kronwall and loses puck.
5:20 of 1st period - Dave Tanabe is hit by Alexander Semin and loses puck.
5:27 of 1st period - Jack Johnson is hit by Jordin Tootoo and loses puck.
5:44 of 1st period - Wrist shot by Mike Comrie.
5:44 of 1st period - Shot Misses the Net.
5:46 of 1st period - Snap shot by Marc Staal.
5:46 of 1st period - Stopped by Craig Anderson with a rebound.
5:48 of 1st period - Wrist shot by Chuck Kobasew.
5:48 of 1st period - Shot Misses the Net.
6:19 of 1st period - Icing by Marc Staal.
6:20 of 1st period - Maxim Talbot wins face-off versus Mikhail Grabovski in Avalanche zone.
6:34 of 1st period - Icing by Jason Allison.
6:35 of 1st period - Jason Allison wins face-off versus Eric Staal in Avalanche zone.
6:35 of 1st period - Jason Allison is hit by Alexander Semin.
6:43 of 1st period - Slapshot by Jason Allison.
6:43 of 1st period - Shot Misses the Net.
6:57 of 1st period - Wrist shot by Corey Perry.
6:57 of 1st period - Shot Misses the Net.
7:01 of 1st period - Wrist shot by Corey Perry.
7:01 of 1st period - Goal by Corey Perry - Flames : 0 - Avalanche : 1.
7:02 of 1st period - Eric Staal wins face-off versus Bryan Little in neutral zone.
7:29 of 1st period - Slapshot by Mike Comrie.
7:29 of 1st period - Shot Blocked by Steve Eminger.
7:31 of 1st period - Slapshot by Mike Comrie.
7:31 of 1st period - Deflect By Erik Cole.
7:31 of 1st period - Shot Misses the Net.
7:31 of 1st period - Puck is out of play.
7:32 of 1st period - Mike Comrie wins face-off versus Milan Hejduk in Flames zone.
8:25 of 1st period - Wrist shot by Bryan Little.
8:25 of 1st period - Stopped by Craig Anderson without a rebound.
8:26 of 1st period - Eric Staal wins face-off versus Jason Allison in Flames zone.
8:51 of 1st period - Milan Hejduk is hit by Bryan Little and loses puck.
9:18 of 1st period - Snap shot by Erik Cole.
9:18 of 1st period - Shot Misses the Net.
9:20 of 1st period - Snap shot by Erik Cole.
9:20 of 1st period - Stopped by Craig Anderson without a rebound.
9:21 of 1st period - Jason Allison wins face-off versus Eric Staal in Flames zone.
9:35 of 1st period - Snap shot by Jason Allison.
9:35 of 1st period - Stopped by Craig Anderson with a rebound.
9:37 of 1st period - Backhand shot by Corey Perry.
9:37 of 1st period - Stopped by Craig Anderson without a rebound.
9:38 of 1st period - Michal Handzus wins face-off versus Bryan Little in Flames zone.
9:45 of 1st period - Snap shot by Mark Bell.
9:45 of 1st period - Shot Misses the Net.
10:05 of 1st period - Jason Allison is hit by Alexander Semin and loses puck.
10:28 of 1st period - Slapshot by Mike Comrie.
10:28 of 1st period - Stopped by Craig Anderson with a rebound.
11:06 of 1st period - Snap shot by Mark Bell.
11:06 of 1st period - Shot Blocked by Marc Staal.
11:43 of 1st period - Icing by Eric Staal.
11:44 of 1st period - Mike Comrie wins face-off versus Eric Staal in Flames zone.
12:09 of 1st period - Off-side.
12:10 of 1st period - Jason Allison wins face-off versus Mark Bell in neutral zone.
12:15 of 1st period - Snap shot by Milan Hejduk.
12:15 of 1st period - Stopped by Jimmy Howard with a rebound.
12:17 of 1st period - Snap shot by Mark Bell.
12:17 of 1st period - Stopped by Jimmy Howard without a rebound.
12:18 of 1st period - Eric Staal wins face-off versus Jason Allison in Avalanche zone.
12:19 of 1st period - Snap shot by Jordin Tootoo.
12:19 of 1st period - Stopped by Jimmy Howard with a rebound.
12:36 of 1st period - Alexander Semin is hit by Dave Tanabe and loses puck.
12:47 of 1st period - Wrist shot by Eric Staal.
12:47 of 1st period - Shot Misses the Net.
12:49 of 1st period - Wrist shot by Milan Hejduk.
12:49 of 1st period - Stopped by Jimmy Howard without a rebound.
12:50 of 1st period - Milan Hejduk wins face-off versus Bryan Little in Avalanche zone.
12:55 of 1st period - Snap shot by Milan Hejduk.
12:55 of 1st period - Shot Blocked by Drew Doughty.
12:59 of 1st period - Snap shot by Michal Handzus.
12:59 of 1st period - Deflect By Mark Bell.
12:59 of 1st period - Shot Blocked by Jack Johnson.
12:59 of 1st period - Puck is out of play.
13:00 of 1st period - Patrik Berglund wins face-off versus Jason Allison in Avalanche zone.
13:03 of 1st period - Wrist shot by Mike Leclerc.
13:03 of 1st period - Stopped by Jimmy Howard with a rebound.
13:05 of 1st period - Slapshot by Filip Kuba.
13:05 of 1st period - Deflect By Drew Doughty.
13:05 of 1st period - Stopped by Jimmy Howard without a rebound.
13:06 of 1st period - Jason Allison wins face-off versus Patrik Berglund in Avalanche zone.
13:13 of 1st period - Snap shot by Corey Perry.
13:13 of 1st period - Shot Misses the Net.
13:59 of 1st period - Wrist shot by Mark Bell.
13:59 of 1st period - Shot Misses the Net.
14:11 of 1st period - Jack Johnson is hit by Patrik Berglund and loses puck.
14:20 of 1st period - Wrist shot by Patrik Berglund.
14:20 of 1st period - Shot Blocked by Jack Johnson.
14:36 of 1st period - Snap shot by Erik Cole.
14:36 of 1st period - Deflect By Chuck Kobasew.
14:36 of 1st period - Shot Misses the Net.
14:36 of 1st period - Puck is out of play.
14:37 of 1st period - Eric Staal wins face-off versus Jason Allison in Flames zone.
14:46 of 1st period - Snap shot by Alexander Semin.
14:46 of 1st period - Stopped by Jimmy Howard with a rebound.
15:07 of 1st period - Slapshot by Mark Bell.
15:07 of 1st period - Shot Misses the Net.
15:09 of 1st period - Snap shot by Milan Hejduk.
15:09 of 1st period - Stopped by Jimmy Howard without a rebound.
15:10 of 1st period - Eric Staal wins face-off versus Bryan Little in Avalanche zone.
15:35 of 1st period - Ron Hainsey is hit by Marc Staal and loses puck.
16:23 of 1st period - Snap shot by Alexander Semin.
16:23 of 1st period - Stopped by Jimmy Howard with a rebound.
16:25 of 1st period - Wrist shot by Jordin Tootoo.
16:25 of 1st period - Shot Blocked by Drew Doughty.
16:27 of 1st period - Wrist shot by Eric Staal.
16:27 of 1st period - Stopped by Jimmy Howard with a rebound.
16:29 of 1st period - Backhand shot by Niklas Kronwall.
16:29 of 1st period - Shot Blocked by Jack Johnson.
16:51 of 1st period - Snap shot by Bryan Little.
16:51 of 1st period - Shot Misses the Net.
16:53 of 1st period - Snap shot by Jason Pominville.
16:53 of 1st period - Shot Blocked by Filip Kuba.
18:27 of 1st period - Icing by Rostislav Olesz.
18:28 of 1st period - Jason Allison wins face-off versus Michal Handzus in Avalanche zone.
18:33 of 1st period - Milan Hejduk is hit by Ryan Smyth.
19:32 of 1st period - Minor Penalty to Jason Pominville for High sticking.
19:33 of 1st period - Mike Comrie wins face-off versus Eric Staal in Avalanche zone.
Goals for this period are 0 for Flames vs 1 for Avalanche.
Shots for this period are 12 for Flames vs 9 for Avalanche.

2nd period


0:01 of 2nd period - Eric Staal wins face-off versus Mike Comrie in neutral zone.
0:04 of 2nd period - Slapshot by Erik Johnson.
0:04 of 2nd period - Shot Misses the Net.
0:16 of 2nd period - Filip Kuba is hit by Mike Comrie and loses puck.
0:28 of 2nd period - Icing by Jordin Tootoo.
0:29 of 2nd period - Mike Comrie wins face-off versus Jordin Tootoo in Flames zone.
1:26 of 2nd period - Shane O'Brien is hit by Alexander Semin and loses puck.
1:32 of 2nd period - Penalty to Jason Pominville is over, Jason Pominville is back on ice.
1:43 of 2nd period - Rostislav Olesz is hit by Filip Kuba and loses puck.
2:02 of 2nd period - Wrist shot by Corey Perry.
2:02 of 2nd period - Stopped by Craig Anderson with a rebound.
2:26 of 2nd period - Snap shot by Branko Radivojevic.
2:26 of 2nd period - Shot Misses the Net.
2:28 of 2nd period - Snap shot by Mike Leclerc.
2:28 of 2nd period - Stopped by Jimmy Howard with a rebound.
2:30 of 2nd period - Slapshot by Tomas Kaberle.
2:30 of 2nd period - Stopped by Jimmy Howard without a rebound.
2:31 of 2nd period - Alexander Semin wins face-off versus Bryan Little in Avalanche zone.
2:39 of 2nd period - Off-side.
2:40 of 2nd period - Eric Staal wins face-off versus Bryan Little in neutral zone.
2:43 of 2nd period - Snap shot by Eric Staal.
2:43 of 2nd period - Shot Misses the Net.
2:51 of 2nd period - Tomas Kaberle is hit by Dave Tanabe.
2:59 of 2nd period - Slapshot by Tomas Kaberle.
2:59 of 2nd period - Shot Blocked by Shane O'Brien.
3:06 of 2nd period - Minor Penalty to Bryan Little for Diving.
3:07 of 2nd period - Eric Staal wins face-off versus Mike Comrie in Avalanche zone.
3:09 of 2nd period - Snap shot by Eric Staal.
3:09 of 2nd period - Stopped by Jimmy Howard without a rebound.
3:10 of 2nd period - Eric Staal wins face-off versus Mike Comrie in Avalanche zone.
3:53 of 2nd period - Backhand shot by Andrew Ladd.
3:53 of 2nd period - Stopped by Craig Anderson without a rebound.
3:54 of 2nd period - Mike Comrie wins face-off versus Alexander Semin in Flames zone.
3:59 of 2nd period - Wrist shot by Mike Comrie.
3:59 of 2nd period - Shot Blocked by Filip Kuba.
4:01 of 2nd period - Slapshot by Jack Johnson.
4:01 of 2nd period - Stopped by Craig Anderson with a rebound.
4:19 of 2nd period - Erik Cole is hit by Patrik Berglund and loses puck.
5:06 of 2nd period - Penalty to Bryan Little is over, Bryan Little is back on ice.
5:22 of 2nd period - Snap shot by Mike Comrie.
5:22 of 2nd period - Shot Misses the Net.
5:46 of 2nd period - Slapshot by Tomas Kaberle.
5:46 of 2nd period - Shot Blocked by Marc Staal.
6:20 of 2nd period - Slapshot by Niklas Kronwall.
6:20 of 2nd period - Shot Blocked by Andrew Ladd.
6:54 of 2nd period - Wrist shot by Steve Regier.
6:54 of 2nd period - Shot Misses the Net.
6:56 of 2nd period - Slapshot by Filip Kuba.
6:56 of 2nd period - Shot Misses the Net.
6:58 of 2nd period - Wrist shot by Mikhail Grabovski.
6:58 of 2nd period - Shot Misses the Net.
7:16 of 2nd period - Snap shot by Mikhail Grabovski.
7:16 of 2nd period - Shot Misses the Net.
7:18 of 2nd period - Slapshot by Steve Eminger.
7:18 of 2nd period - Stopped by Jimmy Howard with a rebound.
7:32 of 2nd period - Snap shot by Craig Adams.
7:32 of 2nd period - Stopped by Jimmy Howard with a rebound.
7:34 of 2nd period - Wrist shot by Mikhail Grabovski.
7:34 of 2nd period - Stopped by Jimmy Howard without a rebound.
7:35 of 2nd period - Eric Staal wins face-off versus Jason Allison in Avalanche zone.
7:45 of 2nd period - Minor Penalty to Eric Staal for Hooking.
7:46 of 2nd period - Michal Handzus wins face-off versus Jason Allison in Flames zone.
7:58 of 2nd period - Slapshot by Drew Doughty.
7:58 of 2nd period - Shot Misses the Net.
8:00 of 2nd period - Wrist shot by Corey Perry.
8:00 of 2nd period - Goal by Corey Perry - Flames : 0 - Avalanche : 2.
8:01 of 2nd period - Jason Allison wins face-off versus Eric Staal in neutral zone.
8:04 of 2nd period - Backhand shot by Drew Doughty.
8:04 of 2nd period - Shot Blocked by Eric Staal.
9:12 of 2nd period - Wrist shot by Eric Staal.
9:12 of 2nd period - Shot Blocked by Brian Campbell.
9:28 of 2nd period - Slapshot by Erik Cole.
9:28 of 2nd period - Stopped by Craig Anderson with a rebound.
9:57 of 2nd period - Wrist shot by Mikhail Grabovski.
9:57 of 2nd period - Goal by Mikhail Grabovski - Flames : 1 - Avalanche : 2.
9:58 of 2nd period - Eric Staal wins face-off versus Jason Allison in neutral zone.
10:24 of 2nd period - Michal Handzus is hit by Rostislav Olesz.
10:25 of 2nd period - Icing by Michal Handzus.
10:26 of 2nd period - Michal Handzus wins face-off versus Jason Pominville in Flames zone.
10:26 of 2nd period - Michal Handzus is hit by Dave Tanabe.
10:36 of 2nd period - Wrist shot by Mark Bell.
10:36 of 2nd period - Shot Blocked by Bryan Little.
10:38 of 2nd period - Snap shot by Filip Kuba.
10:38 of 2nd period - Stopped by Jimmy Howard without a rebound.
10:39 of 2nd period - Eric Staal wins face-off versus Mike Comrie in Avalanche zone.
10:48 of 2nd period - Wrist shot by Mike Comrie.
10:48 of 2nd period - Shot Blocked by Tomas Kaberle.
10:50 of 2nd period - Slapshot by Chuck Kobasew.
10:50 of 2nd period - Shot Blocked by Alexander Semin.
10:52 of 2nd period - Snap shot by Erik Cole.
10:52 of 2nd period - Deflect By Alexander Semin.
10:52 of 2nd period - Stopped by Craig Anderson with a rebound.
10:54 of 2nd period - Slapshot by Dave Tanabe.
10:54 of 2nd period - Deflect By Erik Cole.
10:54 of 2nd period - Shot Blocked by Alexander Semin.
10:54 of 2nd period - Puck is out of play.
10:55 of 2nd period - Jason Allison wins face-off versus Michal Handzus in Flames zone.
10:56 of 2nd period - Wrist shot by Corey Perry.
10:56 of 2nd period - Shot Misses the Net.
11:20 of 2nd period - Alexander Semin is hit by Erik Cole and loses puck.
11:25 of 2nd period - Wrist shot by Chuck Kobasew.
11:25 of 2nd period - Stopped by Craig Anderson with a rebound.
11:28 of 2nd period - Icing by Tomas Kaberle.
11:29 of 2nd period - Bryan Little wins face-off versus Eric Staal in Flames zone.
11:38 of 2nd period - Snap shot by Bryan Little.
11:38 of 2nd period - Stopped by Craig Anderson with a rebound.
11:40 of 2nd period - Snap shot by Marc Staal.
11:40 of 2nd period - Shot Blocked by Alexander Semin.
11:42 of 2nd period - Snap shot by Bryan Little.
11:42 of 2nd period - Shot Misses the Net.
11:44 of 2nd period - Wrist shot by Bryan Little.
11:44 of 2nd period - Deflect By Rostislav Olesz.
11:44 of 2nd period - Stopped by Craig Anderson without a rebound.
11:45 of 2nd period - Mike Comrie wins face-off versus Michal Handzus in Flames zone.
11:57 of 2nd period - Wrist shot by Milan Hejduk.
11:57 of 2nd period - Shot Blocked by Mike Comrie.
12:16 of 2nd period - Wrist shot by Corey Perry.
12:16 of 2nd period - Shot Misses the Net.
12:18 of 2nd period - Wrist shot by Jason Allison.
12:18 of 2nd period - Stopped by Craig Anderson without a rebound.
12:19 of 2nd period - Bryan Little wins face-off versus Eric Staal in Flames zone.
12:24 of 2nd period - Slapshot by Bryan Little.
12:24 of 2nd period - Stopped by Craig Anderson with a rebound.
12:25 of 2nd period - Minor Penalty to Jason Pominville for Roughing.
12:26 of 2nd period - Eric Staal wins face-off versus Mike Comrie in Avalanche zone.
12:53 of 2nd period - Minor Penalty to Filip Kuba for Tripping.
12:54 of 2nd period - Corey Perry wins face-off versus Alexander Semin in Flames zone.
12:57 of 2nd period - Slapshot by Corey Perry.
12:57 of 2nd period - Goal by Corey Perry - Flames : 1 - Avalanche : 3.
12:58 of 2nd period - Eric Staal wins face-off versus Corey Perry in neutral zone.
13:05 of 2nd period - Snap shot by Alexander Semin.
13:05 of 2nd period - Goal by Alexander Semin - Flames : 2 - Avalanche : 3.
13:06 of 2nd period - Eric Staal wins face-off versus Corey Perry in neutral zone.
13:13 of 2nd period - Alexander Semin is hit by Dustin Byfuglien and loses puck.
13:42 of 2nd period - Steve Eminger is hit by Erik Cole.
13:58 of 2nd period - Snap shot by Milan Hejduk.
13:58 of 2nd period - Deflect By Michal Handzus.
13:58 of 2nd period - Stopped by Jimmy Howard with a rebound.
14:25 of 2nd period - Penalty to Jason Pominville is over, Jason Pominville is back on ice.
14:36 of 2nd period - Slapshot by Marc Staal.
14:36 of 2nd period - Goal by Marc Staal - Flames : 2 - Avalanche : 4.
14:37 of 2nd period - Jason Allison wins face-off versus Eric Staal in neutral zone.
15:02 of 2nd period - Ryan Smyth is hit by Branko Radivojevic and loses puck.
16:17 of 2nd period - Slapshot by Brian Campbell.
16:17 of 2nd period - Shot Misses the Net.
16:39 of 2nd period - Off-side.
16:40 of 2nd period - Bryan Little wins face-off versus Eric Staal in neutral zone.
17:05 of 2nd period - Milan Hejduk is hit by Shane O'Brien and loses puck.
17:41 of 2nd period - Icing by Maxim Talbot.
17:42 of 2nd period - Eric Staal wins face-off versus Maxim Talbot in Avalanche zone.
18:01 of 2nd period - Slapshot by Maxim Talbot.
18:01 of 2nd period - Shot Blocked by Jordin Tootoo.
18:20 of 2nd period - Minor Penalty to Andrew Ladd for Interference.
18:21 of 2nd period - Mike Comrie wins face-off versus Jordin Tootoo in Avalanche zone.
18:21 of 2nd period - Mike Comrie is hit by Mark Bell.
18:32 of 2nd period - Snap shot by Patrik Berglund.
18:32 of 2nd period - Shot Blocked by Shane O'Brien.
19:06 of 2nd period - Tomas Kaberle is hit by Rostislav Olesz and loses puck.
Goals for this period are 2 for Flames vs 3 for Avalanche.
Shots for this period are 10 for Flames vs 13 for Avalanche.

3rd period


0:01 of 3rd period - Mike Comrie wins face-off versus Eric Staal in neutral zone.
0:20 of 3rd period - Penalty to Andrew Ladd is over, Andrew Ladd is back on ice.
0:47 of 3rd period - Bryan Little is hit by Mikhail Grabovski and loses puck.
0:54 of 3rd period - Wrist shot by Bryan Little.
0:54 of 3rd period - Shot Misses the Net.
0:56 of 3rd period - Slapshot by Shane O'Brien.
0:56 of 3rd period - Stopped by Craig Anderson with a rebound.
0:58 of 3rd period - Slapshot by Shane O'Brien.
0:58 of 3rd period - Stopped by Craig Anderson without a rebound.
0:59 of 3rd period - Eric Staal wins face-off versus Mike Comrie in Flames zone.
1:12 of 3rd period - Backhand shot by Mike Comrie.
1:12 of 3rd period - Stopped by Craig Anderson with a rebound.
1:14 of 3rd period - Snap shot by Mike Comrie.
1:14 of 3rd period - Stopped by Craig Anderson without a rebound.
1:15 of 3rd period - Jason Allison wins face-off versus Michal Handzus in Flames zone.
1:24 of 3rd period - Snap shot by Jason Allison.
1:24 of 3rd period - Stopped by Craig Anderson without a rebound.
1:25 of 3rd period - Jason Allison wins face-off versus Michal Handzus in Flames zone.
1:44 of 3rd period - Snap shot by Corey Perry.
1:44 of 3rd period - Shot Misses the Net.
1:46 of 3rd period - Wrist shot by Corey Perry.
1:46 of 3rd period - Shot Blocked by Michal Handzus.
1:48 of 3rd period - Slapshot by Jack Johnson.
1:48 of 3rd period - Deflect By Ryan Smyth.
1:48 of 3rd period - Stopped by Craig Anderson with a rebound.
1:50 of 3rd period - Slapshot by Jack Johnson.
1:50 of 3rd period - Deflect By Corey Perry.
1:50 of 3rd period - Shot Blocked by Steve Eminger.
1:50 of 3rd period - Puck is out of play.
1:51 of 3rd period - Bryan Little wins face-off versus Eric Staal in Flames zone.
1:57 of 3rd period - Minor Penalty to Alexander Semin for Tripping.
1:58 of 3rd period - Michal Handzus wins face-off versus Jason Allison in Flames zone.
2:25 of 3rd period - Off-side.
2:26 of 3rd period - Bryan Little wins face-off versus Michal Handzus in neutral zone.
2:31 of 3rd period - Erik Johnson is hit by Jason Pominville and loses puck.
3:16 of 3rd period - Snap shot by Ryan Smyth.
3:16 of 3rd period - Shot Blocked by Steve Eminger.
3:18 of 3rd period - Wrist shot by Dave Tanabe.
3:18 of 3rd period - Stopped by Craig Anderson with a rebound.
3:20 of 3rd period - Slapshot by Corey Perry.
3:20 of 3rd period - Stopped by Craig Anderson with a rebound.
3:57 of 3rd period - Penalty to Alexander Semin is over, Alexander Semin is back on ice.
4:04 of 3rd period - Snap shot by Steve Regier.
4:04 of 3rd period - Stopped by Jimmy Howard with a rebound.
4:06 of 3rd period - Snap shot by Craig Adams.
4:06 of 3rd period - Stopped by Jimmy Howard with a rebound.
4:08 of 3rd period - Snap shot by Steve Regier.
4:08 of 3rd period - Shot Misses the Net.
4:21 of 3rd period - Off-side.
4:22 of 3rd period - Maxim Talbot wins face-off versus Eric Staal in neutral zone.
4:25 of 3rd period - Slapshot by Dave Tanabe.
4:25 of 3rd period - Stopped by Craig Anderson without a rebound.
4:26 of 3rd period - Bryan Little wins face-off versus Milan Hejduk in Flames zone.
4:53 of 3rd period - Jordin Tootoo is hit by Shane O'Brien and loses puck.
5:21 of 3rd period - Off-side.
5:22 of 3rd period - Patrik Berglund wins face-off versus Jason Allison in neutral zone.
5:29 of 3rd period - Wrist shot by Mike Leclerc.
5:29 of 3rd period - Stopped by Jimmy Howard with a rebound.
5:43 of 3rd period - Wrist shot by Mike Leclerc.
5:43 of 3rd period - Stopped by Jimmy Howard without a rebound.
5:44 of 3rd period - Bryan Little wins face-off versus Eric Staal in Avalanche zone.
5:47 of 3rd period - Snap shot by Eric Staal.
5:47 of 3rd period - Goal by Eric Staal - Flames : 3 - Avalanche : 4.
5:48 of 3rd period - Eric Staal wins face-off versus Corey Perry in neutral zone.
7:06 of 3rd period - Wrist shot by Alexander Semin.
7:06 of 3rd period - Stopped by Jimmy Howard with a rebound.
7:16 of 3rd period - Steve Eminger is hit by Dustin Byfuglien.
7:22 of 3rd period - Jack Johnson is hit by Filip Kuba and loses puck.
7:40 of 3rd period - Minor Penalty to Michal Handzus for Roughing.
7:41 of 3rd period - Jason Allison wins face-off versus Jordin Tootoo in Flames zone.
7:57 of 3rd period - Snap shot by Jordin Tootoo.
7:57 of 3rd period - Goal by Jordin Tootoo - Flames : 4 - Avalanche : 4.
7:58 of 3rd period - Jordin Tootoo wins face-off versus Jason Allison in neutral zone.
8:33 of 3rd period - Wrist shot by Jason Pominville.
8:33 of 3rd period - Deflect By Bryan Little.
8:33 of 3rd period - Stopped by Craig Anderson without a rebound.
8:34 of 3rd period - Jason Allison wins face-off versus Jordin Tootoo in Flames zone.
9:03 of 3rd period - Snap shot by Rostislav Olesz.
9:03 of 3rd period - Goal by Rostislav Olesz - Flames : 4 - Avalanche : 5.
9:04 of 3rd period - Eric Staal wins face-off versus Jason Allison in neutral zone.
9:11 of 3rd period - Slapshot by Eric Staal.
9:11 of 3rd period - Shot Misses the Net.
9:17 of 3rd period - Wrist shot by Corey Perry.
9:17 of 3rd period - Stopped by Craig Anderson without a rebound.
9:18 of 3rd period - Bryan Little wins face-off versus Eric Staal in Flames zone.
10:55 of 3rd period - Slapshot by Dave Tanabe.
10:55 of 3rd period - Shot Blocked by Steve Regier.
10:57 of 3rd period - Slapshot by Dave Tanabe.
10:57 of 3rd period - Stopped by Craig Anderson without a rebound.
10:58 of 3rd period - Alexander Semin wins face-off versus Jason Allison in Flames zone.
11:02 of 3rd period - Off-side.
11:03 of 3rd period - Eric Staal wins face-off versus Jason Allison in neutral zone.
12:18 of 3rd period - Icing by Andrew Ladd.
12:19 of 3rd period - Alexander Semin wins face-off versus Maxim Talbot in Avalanche zone.
12:20 of 3rd period - Snap shot by Eric Staal.
12:20 of 3rd period - Goal by Eric Staal - Flames : 5 - Avalanche : 5.
12:21 of 3rd period - Jason Allison wins face-off versus Eric Staal in neutral zone.
12:33 of 3rd period - Backhand shot by Filip Kuba.
12:33 of 3rd period - Stopped by Jimmy Howard with a rebound.
12:35 of 3rd period - Snap shot by Jordin Tootoo.
12:35 of 3rd period - Shot Misses the Net.
12:37 of 3rd period - Slapshot by Eric Staal.
12:37 of 3rd period - Goal by Eric Staal - Flames : 6 - Avalanche : 5.
12:38 of 3rd period - Eric Staal wins face-off versus Jason Allison in neutral zone.
13:00 of 3rd period - Minor Penalty to Alexander Semin for Slashing.
13:01 of 3rd period - Jason Allison wins face-off versus Michal Handzus in Flames zone.
13:08 of 3rd period - Snap shot by Drew Doughty.
13:08 of 3rd period - Shot Blocked by Michal Handzus.
13:10 of 3rd period - Wrist shot by Corey Perry.
13:10 of 3rd period - Stopped by Craig Anderson with a rebound.
14:44 of 3rd period - Minor Penalty to Corey Perry for Hooking.
14:45 of 3rd period - Dustin Byfuglien wins face-off versus Eric Staal in Avalanche zone.
14:52 of 3rd period - Slapshot by Marc Staal.
14:52 of 3rd period - Shot Misses the Net.
14:54 of 3rd period - Backhand shot by Jack Johnson.
14:54 of 3rd period - Stopped by Craig Anderson without a rebound.
14:55 of 3rd period - Dustin Byfuglien wins face-off versus Jordin Tootoo in Flames zone.
15:00 of 3rd period - Penalty to Alexander Semin is over, Alexander Semin is back on ice.
15:24 of 3rd period - Wrist shot by Mike Comrie.
15:24 of 3rd period - Shot Misses the Net.
15:26 of 3rd period - Snap shot by Mike Comrie.
15:26 of 3rd period - Shot Misses the Net.
15:36 of 3rd period - Snap shot by Alexander Semin.
15:36 of 3rd period - Shot Blocked by Jack Johnson.
15:48 of 3rd period - Slapshot by Steve Eminger.
15:48 of 3rd period - Shot Blocked by Dave Tanabe.
15:50 of 3rd period - Slapshot by Filip Kuba.
15:50 of 3rd period - Shot Misses the Net.
16:00 of 3rd period - Snap shot by Alexander Semin.
16:00 of 3rd period - Shot Blocked by Jack Johnson.
16:02 of 3rd period - Snap shot by Filip Kuba.
16:02 of 3rd period - Stopped by Jimmy Howard with a rebound.
16:44 of 3rd period - Penalty to Corey Perry is over, Corey Perry is back on ice.
16:54 of 3rd period - Snap shot by Corey Perry.
16:54 of 3rd period - Shot Misses the Net.
17:02 of 3rd period - Corey Perry is hit by Eric Staal and loses puck.
17:11 of 3rd period - Slapshot by Eric Staal.
17:11 of 3rd period - Shot Blocked by Jack Johnson.
17:15 of 3rd period - Wrist shot by Eric Staal.
17:15 of 3rd period - Shot Misses the Net.
17:17 of 3rd period - Wrist shot by Alexander Semin.
17:17 of 3rd period - Stopped by Jimmy Howard with a rebound.
17:29 of 3rd period - Snap shot by Alexander Semin.
17:29 of 3rd period - Stopped by Jimmy Howard without a rebound.
17:30 of 3rd period - Patrik Berglund wins face-off versus Dustin Byfuglien in Avalanche zone.
17:33 of 3rd period - Wrist shot by Mike Leclerc.
17:33 of 3rd period - Shot Blocked by Brian Campbell.
17:41 of 3rd period - Mike Leclerc is hit by Brian Campbell and loses puck.
17:56 of 3rd period - Marc Staal is hit by Michal Handzus and loses puck.
18:21 of 3rd period - Shane O'Brien is hit by Michal Handzus and loses puck.
18:48 of 3rd period - Minor Penalty to Jason Allison for High sticking.
18:49 of 3rd period - Andrew Ladd wins face-off versus Patrik Berglund in Avalanche zone.
19:43 of 3rd period - Jack Johnson is hit by Niklas Kronwall and loses puck.
Goals for this period are 4 for Flames vs 1 for Avalanche.
Shots for this period are 13 for Flames vs 15 for Avalanche.


Output by the SimonT Hockey Simulator (STHS) for François Prévost -- Original Page W3C XHTML 1.0 Valid
Hockey Simulator - Hockey Simulation - Hockey Manager